 Dungeon Crawl Stone Soup version 0.30-a0-743-gbfdf073431 (webtiles) character file.

Game seed: 17548660370092796904

1515 pokeman the Thaumaturge (level 8, -2/39 (44) HPs)
             Began as a Deep Elf Hedge Wizard on Feb 7, 2023.
             Slain by a wight
             ... wielding a +3 morningstar
              (8 damage)
             ... on level 5 of the Dungeon.
             The game lasted 00:11:11 (6026 turns).

pokeman the Thaumaturge (Deep Elf Hedge Wizard)     Turns: 6026, Time: 00:11:12

HP:   -2/39 (44)    AC:  6    Str:  7    XL:     8   Next: 53%
MP:   5/23          EV: 13    Int: 22    God:
Gold: 234           SH:  0    Dex: 14    Spells: 8/26 levels left

rFire   . . .      SeeInvis .    n - +1 war axe (venom)
rCold   + . .      Faith    .    (no shield)
rNeg    . . .      Spirit   .    m - +2 robe {Will+}
rPois   .          Reflect  .    l - +0 helmet
rElec   .          Harm     .    (no cloak)
rCorr   .          Rampage  .    (no gloves)
Will    +....                    i - +0 pair of boots
Stlth   +++                      (no amulet)
HPRegen 0.26/turn                p - ring of protection from cold
MPRegen 0.18/turn                (no ring)

@: very slightly contaminated, heavily drained
A: no striking features
a: no special abilities


You were on level 5 of the Dungeon.
You visited 1 branch of the dungeon, and saw 5 of its levels.

You collected 234 gold pieces.

Inventory:

Hand Weapons
 n - a +1 war axe of venom (weapon)
 u - the +7 flail of Destiny {heavy, rF+ Int+8}
   (You found it on level 3 of the Dungeon)

   Int:       It affects your intelligence (+8).
   rF:        It protects you from fire.
Armour
 i - a +0 pair of boots (worn)
 l - a +0 helmet (worn)
 m - a +2 robe of willpower (worn)
 A - a +0 leather armour of cold resistance
Jewellery
 p - a ring of protection from cold (left hand)
Wands
 B - a wand of flame (17)
Scrolls
 a - 3 scrolls of vulnerability {unknown}
 e - 3 scrolls of teleportation {unknown}
 h - 2 scrolls of immolation {unknown}
 j - a scroll of fog {unknown}
 k - a scroll of magic mapping {unknown}
 o - 3 scrolls of enchant armour {unknown}
 q - a scroll of enchant weapon {unknown}
 r - 5 scrolls of identify {unknown}
 t - a scroll of brand weapon {unknown}
 x - a scroll of poison {unknown}
 y - a scroll of butterflies {unknown}
Potions
 b - 5 potions of heal wounds {unknown}
 c - a potion of degeneration {unknown}
 d - 2 potions of magic
 f - a potion of lignification {unknown}
 g - a potion of berserk rage {unknown}
 s - a potion of brilliance {unknown}
 v - 2 potions of attraction {unknown}
 w - 2 potions of curing {unknown}
 z - a potion of resistance {unknown}
 C - a potion of might {unknown}


   Skills:
 - Level 2.1 Fighting
 + Level 2.0 Armour
 - Level 4.0 Dodging
 - Level 4.0 Stealth
 * Level 9.9 Spellcasting
 + Level 5.2 Conjurations
 - Level 3.0 Summonings
 - Level 1.1 Translocations
 + Level 1.1 Fire Magic
 - Level 1.0 Air Magic
 - Level 2.0 Poison Magic


You had 8 spell levels left.
You knew the following spells:

 Your Spells              Type           Power      Damage    Failure   Level
a - Magic Dart            Conj           100%       1d8       1%          1
b - Mephitic Cloud        Conj/Pois/Air  23%        N/A       6%          3
c - Call Imp              Summ           24%        N/A       2%          2
d - Blink                 Tloc           30%        N/A       6%          2
e - Iskenderun's Mystic   Conj/Tloc      24%        2d7       17%         4
f - Starburst             Conj/Fire      12%        6d5       95%         6

Your spell library contained the following spells:

 Spells                   Type           Power      Damage    Failure   Level
 Slow                     Hex            40%        N/A       6%          1
 Cigotuvi's Dreadful Rot  Necr/Pois/Air  30%        N/A       6%          2
 Lesser Beckoning         Tloc           30%        N/A       6%          2
 Dazzling Flash           Conj/Hex       44%        N/A       6%          3
 Gell's Gravitas          Tloc           15%        N/A       12%         3
 Teleport Other           Tloc           15%        N/A       12%         3
 Ozocubu's Armour         Ice            10%        N/A       19%         3
 Ozocubu's Refrigeration  Ice            5%         4d8       100%        7


Dungeon Overview and Level Annotations

Branches:
Dungeon (5/15)
 Temple: D:4-7

Altars:
Kikubaaqudgha
Xom
Yredelemnul


Message History

The wight is heavily damaged.
The wight hits you with a +3 morningstar!
You feel drained.
Casting: Magic Dart (safe; 1% risk of failure)
Confirm with . or Enter, or press ? or * to list all spells.
Aiming: Magic Dart (safe; 1% risk of failure)
Press: ? - help, Shift-Dir - straight line, f/p - wight
Aim: a wight, wielding a +3 morningstar and wearing a +0 robe (heavily damaged, 100% to hit)
The magic dart hits the wight.
The wight is almost destroyed.
The wight closely misses you.
Casting: Magic Dart (safe; 1% risk of failure)
Confirm with . or Enter, or press ? or * to list all spells.
Aiming: Magic Dart (safe; 1% risk of failure)
Press: ? - help, Shift-Dir - straight line, f/p - wight
Aim: a wight, wielding a +3 morningstar and wearing a +0 robe (almost destroyed, 100% to hit)
The magic dart hits the wight but does no damage.
The wight is almost destroyed.
The wight hits you with a +3 morningstar!
* * * LOW HITPOINT WARNING * * *
You feel drained.
* * * LOW HITPOINT WARNING * * *
Casting: Magic Dart (safe; 1% risk of failure)
Confirm with . or Enter, or press ? or * to list all spells.
Aiming: Magic Dart (safe; 1% risk of failure)
Press: ? - help, Shift-Dir - straight line, f/p - wight
Aim: a wight, wielding a +3 morningstar and wearing a +0 robe (almost destroyed, 100% to hit)
The magic dart hits the wight.
The wight is almost destroyed.
The wight hits you but does no damage.
Casting: Magic Dart (safe; 1% risk of failure)
Confirm with . or Enter, or press ? or * to list all spells.
Aiming: Magic Dart (safe; 1% risk of failure)
Press: ? - help, Shift-Dir - straight line, f/p - wight
Aim: a wight, wielding a +3 morningstar and wearing a +0 robe (almost destroyed, 100% to hit)
You miscast Magic Dart.
You are very lightly contaminated with residual magic.
Nothing appears to happen.
The wight hits you with a +3 morningstar!
You die...

............#
............#
########.#########
### #.........#
#.#############.#
#.........# #.#
#.#######.# #.#
#.#######.# #.#
#.#.......# #@#
#.#.####### #z#
#.#.# #.# #.#.#
#.# #.#.# #)#
##.#.# #.# ...#.#
#.# ####.# #:# #.#


You could see a wight.

Vanquished Creatures
  Prince Ribbit (D:5)
  A human (D:3)
  A black bear (D:5)
  3 scorpions
  A necrophage (D:5)
  A gnoll sergeant (D:5)
  2 wights (D:5)
  A vampire bat (D:3)
  3 orc priests
  A gnoll bouda (D:5)
  3 hounds
  2 iguanas (D:5)
  2 orc wizards
  18 gnolls
  5 adders
  2 ufetubi
  A dart slug (D:3)
  23 orcs
  3 bats
  2 bat skeletons (D:3)
  3 bat zombies (D:3)
  12 endoplasms
  9 goblins
  9 hobgoblins
  5 jackals
  4 quokkas
  10 ball pythons
  7 frilled lizards
  A jackal zombie (D:3)
  7 kobolds
  A kobold zombie (D:3)
  6 rats
150 creatures vanquished.

Notes
Turn   | Place    | Note
-------+----------+-------------------------------------------
     0 | D:1      | pokeman the Deep Elf Hedge Wizard began the quest for the
                  | Orb.
     0 | D:1      | Reached XP level 1. HP: 10/10 MP: 7/7
   322 | D:1      | Reached XP level 2. HP: 16/16 MP: 5/9
   911 | D:1      | Reached skill level 5 in Spellcasting
  1287 | D:2      | Reached XP level 3. HP: 20/20 MP: 8/11
  1291 | D:2      | Learned a level 3 spell: Mephitic Cloud
  1294 | D:2      | Learned a level 2 spell: Call Imp
  1297 | D:2      | Learned a level 2 spell: Blink
  1484 | D:2      | Reached skill level 1 in Fighting
  1616 | D:2      | Found a faded altar of an unknown god.
  1796 | D:2      | Reached skill level 1 in Armour
  2112 | D:3      | Reached XP level 4. HP: 25/25 MP: 8/13
  2278 | D:3      | Found a runed translucent door.
  2278 | D:3      | Noticed a human
  2285 | D:3      | Found a basalt altar of Yredelemnul.
  2304 | D:3      | Killed a human
  2305 | D:3      | Reached skill level 6 in Spellcasting
  2305 | D:3      | Reached XP level 5. HP: 13/29 MP: 13/15
  2762 | D:3      | Reached XP level 6. HP: 34/34 MP: 14/17
  2875 | D:3      | Identified the +7 flail of Destiny {heavy, rF+ Int+8}
  3157 | D:3      | Found an ancient bone altar of Kikubaaqudgha.
  3164 | D:3      | Reached skill level 7 in Spellcasting
  3413 | D:3      | Found a shimmering altar of Xom.
  3748 | D:4      | Reached skill level 1 in Poison Magic
  4208 | D:4      | Reached XP level 7. HP: 38/38 MP: 16/20
  4348 | D:4      | Reached skill level 1 in Air Magic
  4626 | D:4      | Reached skill level 8 in Spellcasting
  4951 | D:5      | Entered Level 5 of the Dungeon
  5211 | D:5      | Noticed Prince Ribbit
  5227 | D:5      | Killed Prince Ribbit
  5228 | D:5      | Reached skill level 9 in Spellcasting
  5228 | D:5      | Reached XP level 8. HP: 34/44 MP: 17/23
  5439 | D:5      | Reached skill level 5 in Conjurations
  5542 | D:5      | Learned a level 4 spell: Iskenderun's Mystic Blast
  5549 | D:5      | Learned a level 6 spell: Starburst
  6012 | D:5      | Reached skill level 1 in Fire Magic
  6026 | D:5      | Slain by a wight

Illustrated notes

Levels and vault maps discovered:
D:1:      dpeg_arrival_long_road, layout_loops_cross, minmay_misc_feat_room
D:2:      layout_rooms, shapermc_ecumenical_altar_ellora
D:3:      layout_basic, tgw_xom, kennysheep_vampire_church,
          dk_yredelemnul_ordeal, serial_co_window_serial, co_window_cross_1,
          co_window_corner_a, co_window_corner_a, co_window_of_opportunity_a,
          co_window_of_opportunity_a, co_window_paths_c,
          co_window_of_opportunity_b, co_window_2corner, co_window_corner_cb,
          co_window_4corner_a, glass_columns_b
D:4:      layout_loops_corners, minmay_bisected
D:5:      layout_basic, uniq_prince_ribbit1

Skill      XL: |  1  2  3  4  5  6  7  8 |
---------------+-------------------------+-----
Spellcasting   | 5 6 7 9 |  9.9
Fighting       | 1 2 |  2.1
Armour         | 1 2 |  2.0
Conjurations   | 2 3 4 5 |  5.2
Dodging        | 3 4 |  4.0
Stealth        | 3 4 |  4.0
Poison Magic   | 1 2 |  2.0
Air Magic      | 1 |  1.0
Summonings     | 2 3 |  3.0
Fire Magic     | 1 |  1.1
Translocations | |  1.1

Action                     |  1- 3 |  4- 6 |  7- 9 || total
---------------------------+-------+-------+-------++-------
  Melee: Dagger            |    26 |       |       ||    26
         Punch             |     1 |       |     3 ||     4
         War axe           |       |    58 |    53 ||   111
   Cast: Magic Dart        |   115 |    80 |    81 ||   276
         Mephitic Cloud    |       |    10 |    13 ||    23
         Blink             |       |     1 |       ||     1
   Stab: Confused          |       |     3 |    11 ||    14
         Sleeping          |       |       |     1 ||     1
 Armour: Robe              |    13 |    21 |    13 ||    47
  Dodge: Dodged            |    21 |    57 |    42 ||   120

Table legend: (Time is in decaauts)
 A = Elapsed time spent in this place.
 B = Non-inter-level travel time spent in this place.
 C = Inter-level travel time spent in this place.
 D = Time resting spent in this place.
 E = Time spent auto-exploring this place.
 F = Levels seen in this place.
 G = Mean time per level.
                   A        B        C        D        E       F      G
               +--------+--------+--------+--------+--------+-----+--------+
         Total |   6081 |   5967 |    114 |    138 |   4900 |   5 | 1216.2 |
       Dungeon |   6081 |   5967 |    114 |    138 |   4900 |   5 | 1216.2 |
               +--------+--------+--------+--------+--------+-----+--------+

Top non-repeatable levels by time:
     D:3: 1611 daAuts
     D:4: 1529 daAuts
     D:1: 1038 daAuts
     D:5: 993 daAuts
     D:2: 909 daAuts
